 Dungeon Crawl Stone Soup version 0.27-a0-1442-g87b6fcb595 (webtiles) character file.

Game seed: 9064642007352395745

95916 hilljack the Peltast (level 16, 0/97 HPs)
             Began as a Gargoyle Earth Elementalist on July 4, 2021.
             Was the Champion of Lugonu.
             Killed from afar by a tengu reaver (22 damage)
             ... with a bolt of cold
             ... on level 14 of the Dungeon.
             The game lasted 01:34:37 (34770 turns).

hilljack the Peltast (Gargoyle Earth Elementalist) Turns: 34770, Time: 01:34:37

Health: 0/97       AC: 26    Str: 16    XL:     16   Next: 15%
Magic:  22/34      EV: 10    Int: 34    God:    Lugonu [******]
Gold:   1149       SH: 31    Dex: 11    Spells: 17/27 levels left

rFire    . . .     SeeInvis +   a - +4 dagger of Bloodstone {vorpal, rF- rN+++ SInv Stlth-}
rCold    + . .     Faith    .   B - +10 tower shield of Death Resistance {Int+4}
rNeg     + + +     Spirit   .   r - +3 leather armour {rF+}
rPois    ∞         Reflect  .   C - +2 hat {Int+3}
rElec    +         Harm     .   i - scarf {repulsion}
rCorr    .         Rampage  .   t - +2 pair of gloves
Will     ++...                  N - +2 pair of boots of Kicos {Will+}
Stlth    +++.......             j - amulet "Ivoatani" {RegenMP rC+ rN+ Str+3 SInv}
HPRegen  0.26/turn              G - ring of magical power
MPRegen  0.49/turn              T - +6 ring of intelligence

@: flying, repel missiles
A: sickness immunity, AC +12, big wings, negative energy resistance 1,
electricity resistance, torment resistance 1, petrification resistance
a: Renounce Religion, Depart the Abyss, Bend Space, Banish, Corrupt, Enter the
Abyss, Brand Weapon With Distortion


You were on level 14 of the Dungeon.
You worshipped Lugonu.
Lugonu was exalted by your worship.
You visited 4 branches of the dungeon, and saw 23 of its levels.
You also visited: Bailey, Gauntlet and Ice Cave.

You collected 2710 gold pieces.
You spent 1561 gold pieces at shops.

Inventory:

Hand Weapons
 a - the +4 dagger of Bloodstone (weapon) {vorpal, rF- rN+++ SInv Stlth-}
   (You found it in a bailey)

   It inflicts extra damage upon your enemies.
   rF:        It makes you vulnerable to fire.
   rN:        It renders you almost immune to negative energy.
   SInv:      It lets you see invisible.
   Stlth:     It makes you less stealthy.
Missiles
 k - 166 stones
Armour
 i - a scarf of repulsion (worn)
 r - a +3 leather armour of fire resistance (worn)
 t - a +2 pair of gloves (worn)
 B - the +10 tower shield of Death Resistance (worn) {Int+4}
   (You found it in a bailey)

   Int:       It affects your intelligence (+4).
 C - a +2 hat of intelligence (worn)
 N - the +2 pair of boots of Kicos (worn) {Will+}
   (You found it in a Gauntlet)

   Will:      It increases your willpower.
 R - a +1 buckler of fire resistance
Magical Staves
 b - a staff of earth
Jewellery
 j - the amulet "Ivoatani" (around neck) {RegenMP rC+ rN+ Str+3 SInv}
   (You acquired it on level 4 of the Dungeon)

   [amulet of magic regeneration]

   It increases your rate of magic regeneration.
   Str:       It affects your strength (+3).
   rC:        It protects you from cold.
   rN:        It protects you from negative energy.
   SInv:      It lets you see invisible.
 u - a ring of ice
 G - a ring of magical power (left hand)
 T - a +6 ring of intelligence (right hand)
Wands
 f - a wand of iceblast (45)
 l - a wand of acid (3)
Scrolls
 h - a scroll of enchant weapon
 o - 4 scrolls of identify
 s - a scroll of magic mapping
 w - 2 scrolls of silence
 x - 5 scrolls of blinking
 y - 4 scrolls of fear
 z - 4 scrolls of immolation
 A - 4 scrolls of holy word
 E - 6 scrolls of amnesia
 J - 2 scrolls of fog
 P - 5 scrolls of teleportation
 Y - 2 scrolls of enchant armour
Potions
 d - a potion of cancellation
 e - 2 potions of haste
 g - 12 potions of curing
 m - a potion of magic
 n - a potion of resistance
 p - 3 potions of heal wounds
 q - 4 potions of ambrosia
 D - a potion of invisibility
 F - 5 potions of might
 W - a potion of brilliance


   Skills:
 - Level 10.1 Fighting
 - Level 10.0 Short Blades
 - Level 1.6 Armour
 - Level 2.0 Dodging
 - Level 10.0 Stealth
 + Level 18.7 Shields
 - Level 6.1 Spellcasting
 - Level 9.8 Conjurations
 - Level 2.6 Transmutations
 - Level 10.0 Earth Magic
 - Level 5.7 Invocations


You had 17 spell levels left.
You knew the following spells:

 Your Spells              Type           Power      Damage    Failure   Level
a - Sandblast             Erth           100%       2d20      1%          1
b - Passwall              Tmut/Erth      43%        N/A       1%          2
c - Stone Arrow           Conj/Erth      100%       3d13      1%          3
d - Petrify               Tmut/Erth      52%        N/A       9%          4

Your spell library contained the following spells:

 Spells                   Type           Power      Damage    Failure   Level
 Conjure Flame            Conj/Fire      43%        6-21      4%          3
 Mephitic Cloud           Conj/Pois/Air  32%        N/A       9%          3
 Corona                   Hex            11%        N/A       11%         1
 Hailstorm                Conj/Ice       43%        3d10      14%         4
 Iskenderun's Mystic Bla  Conj/Tloc      43%        2d10      14%         4
 Sticky Flame             Conj/Fire      43%        2d6       14%         4
 Blink                    Tloc           N/A        N/A       17%         2
 Ensorcelled Hibernation  Hex/Ice        20%        N/A       17%         2
 Slow                     Hex            10%        N/A       17%         2
 Bolt of Magma            Conj/Fire/Erth 26%        4d12      21%         5
 Ignite Poison            Fire/Tmut/Pois 16%        N/A       22%         3
 Confusing Touch          Hex            10%        N/A       32%         3
 Frozen Ramparts          Ice            20%        1d4       32%         3
 Lesser Beckoning         Tloc           5%         N/A       32%         3
 Tukima's Dance           Hex            10%        N/A       32%         3
 Ice Form                 Ice/Tmut       19%        N/A       54%         4
 Passage of Golubria      Tloc           N/A        N/A       73%         4
 Summon Ice Beast         Ice/Summ       10%        N/A       73%         4
 Yara's Violent Unravell  Hex/Tmut       9%         3d6       87%         5
 Conjure Ball Lightning   Conj/Air       21%        3x3d6     92%         6
 Manifold Assault         Tloc           10%        N/A       97%         5
 Silence                  Hex/Air        5%         N/A       97%         5
 Simulacrum               Ice/Necr       5%         N/A       100%        6
 Discord                  Hex            5%         N/A       100%        8
 Disjunction              Tloc           5%         N/A       100%        8
 Lehudib's Crystal Spear  Conj/Erth      33%        10d9      100%        8


Dungeon Overview and Level Annotations

Branches:
Dungeon (14/15)            Temple (1/1) D:6            Lair (6/6) D:11
  Swamp (0/4) Lair:2       Spider (0/4) Lair:4        Slime (0/5) Lair:6
    Orc (2/2) D:11            Elf (0/3) Orc:2        Vaults (0/5) D:13
 Bailey (visited)           IceCv (visited)         Gauntlet (visited)

Altars:
Ashenzari
Cheibriados
Dithmenos
Elyvilon
Fedhas
Gozag
Hepliaklqana
Kikubaaqudgha
Makhleb
Nemelex Xobeh
Okawaru
Qazlal
Ru
Sif Muna
Trog
Uskayaw
Vehumet
Wu Jian
Xom
Yredelemnul
Zin
The Shining One
Beogh
Jiyva
Lugonu

Shops:
D:6 ?   D:11 (   Orc:2 [=*((

Annotations:
D:6 3 runed translucent doors, Obsidius's ghost, novice DECj
Lair:1 exclusion: 2 oklob plants
Lair:3 3 runed translucent doors, Feulaj's ghost, journeyman MiBe
Lair:6 1 runed translucent door
Orc:1 3 runed translucent doors, exclusion: obsidian statue, Donald; Nausicaa's ghost, journeyman MiBe


Innate Abilities, Weirdness & Mutations

You are immune to sickness and miasma.
Your stone body is resilient. (AC +12)
You are immune to poison.
Your large and strong wings let you fly.
You resist negative energy. (rN+)
You are resistant to electric shocks. (rElec)
You are resistant to unholy torment.
You are immune to petrification.


Message History

Press: ? - help, Q - select action, (/) - cycle Shift-Dir - straight line, f - tengu reaver
Aim: a tengu reaver, wielding a +0 long sword of electrocution, wearing a +2 scale mail of cold resistance and wearing a +0 buckler (moderately wounded, 61% to hit)
The stone arrow hits the tengu reaver but does no damage.
The tengu reaver is moderately wounded.
You block the tengu reaver's attack.
The tengu reaver pecks you but does no damage.
You block the tengu reaver's attack.
Aiming: Stone Arrow (safe; 1% risk of failure)
Press: ? - help, Q - select action, (/) - cycle Shift-Dir - straight line, f/p - tengu reaver
Aim: a tengu reaver, wielding a +0 long sword of electrocution, wearing a +2 scale mail of cold resistance and wearing a +0 buckler (moderately wounded, 61% to hit)
The stone arrow hits the tengu reaver!!
The tengu reaver is heavily wounded.
The tengu reaver points at you and mumbles some strange words.
The bolt of lightning hits you. You resist.
Aiming: Stone Arrow (safe; 1% risk of failure)
Press: ? - help, Q - select action, (/) - cycle Shift-Dir - straight line, f/p - tengu reaver
Aim: a tengu reaver, wielding a +0 long sword of electrocution, wearing a +2 scale mail of cold resistance and wearing a +0 buckler (heavily wounded, 61% to hit)
The stone arrow misses the tengu reaver.
The tengu reaver hits you with a +0 long sword of electrocution!
* * * LOW HITPOINT WARNING * * *
You block the tengu reaver's attack. x2
You don't have enough magic to cast this spell.
Unknown command.
Magic courses through your body.
The tengu reaver gestures at you while chanting.
The bolt of fire misses you.
You are too injured to fight recklessly!
Aiming: Stone Arrow (safe; 1% risk of failure)
Press: ? - help, Q - select action, (/) - cycle Shift-Dir - straight line, f/p - tengu reaver
Aim: a tengu reaver, wielding a +0 long sword of electrocution, wearing a +2 scale mail of cold resistance and wearing a +0 buckler (heavily wounded, 61% to hit)
The tengu reaver blocks the stone arrow.
You block the tengu reaver's attack. x2; The tengu reaver barely misses you.
Aiming: Stone Arrow (safe; 1% risk of failure)
Press: ? - help, Q - select action, (/) - cycle Shift-Dir - straight line, f/p - tengu reaver
Aim: a tengu reaver, wielding a +0 long sword of electrocution, wearing a +2 scale mail of cold resistance and wearing a +0 buckler (heavily wounded, 61% to hit)
The stone arrow hits the tengu reaver!
The tengu reaver is severely wounded.
The tengu reaver points at you and mumbles some strange words.
The bolt of cold hits you!! You resist.
You die...

..# #...°.......... u.#
##............... ÷.#
#................ ..#
#................ ..#
##H...........}... ..#
#cW............... ..#
#...(............. ..#
##D.......).......
..##############@######
...............†Q...#
....................#
########'##.........#
..........#.........########
..........###.†............#
............#..............#
............#..............#
............#..............#


You could see a tengu reaver.

Vanquished Creatures
  Gastronok (Lair:3)
  3 orc warlords
  A minotaur (Gauntlet)
  Josephine (Orc:2)
  A hell beast (Gauntlet)
  2 boulder beetles
  4 centaur warriors
  10 hydras
  4 two-headed ogres
  2 dancing weapons (D:13)
  4 death yaks
  A vampire mage (D:13)
  A tengu warrior (Gauntlet)
  An orc high priest (Orc:2)
  Nergalle (Orc:2)
  A soul eater (Gauntlet)
  5 skeletal warriors (D:12)
  A deep elf archer (D:14)
  A lindwurm (Lair:6)
  3 orc knights
  5 cyclopes
  19 ugly things
  2 deep elf pyromancers
  A manticore (D:14)
  4 orc sorcerers
  Maurice (Orc:2)
  5 elephants
  2 ice statues (IceCv)
  8 black mambas
  2 torpor snails (Lair:4)
  An elephant (shapeshifter) (D:14)
  3 molten gargoyles (Lair:6)
  A gargoyle (D:13)
  Maggie (D:10)
  14 cane toads
  A kobold demonologist (D:12)
  A rime drake (Lair:3)
  2 freezing wraiths
  A tengu conjurer (Gauntlet)
  16 komodo dragons
  5 trolls
  2 polar bears (Lair:2)
  8 slime creatures
  A blink frog (shapeshifter) (D:14)
  16 blink frogs
  A redback (Lair:4)
  2 vampires
  A shadow (D:10)
  42 yaks
  5 wraiths (Orc:2)
  10 wyverns
  Eustachio (D:5)
  A redback simulacrum (D:13)
  6 basilisks
  3 steam dragons
  6 vampire mosquitoes
  3 swamp worms (Lair:2)
  3 acid dragons
  6 wargs
  11 water moccasins
  6 hell hounds
  31 orc warriors
  A hornet zombie (D:9)
  7 ogres
  14 ice beasts
  A black bear (Lair:2)
  18 wolves
  11 centaurs
  8 kobold brigands
  17 bullfrogs
  4 gnoll sergeants
  2 scorpions (D:4)
  A wyvern zombie (D:8)
  A wyvern skeleton (D:6)
  A water moccasin skeleton (D:7)
  3 wights (D:7)
  5 killer bees
  10 howler monkeys
  2 electric eels
  5 lava snakes (Lair:6)
  7 centaur zombies
  2 hounds
  A bullfrog zombie (D:5)
  15 orc priests
  2 jellies
  16 iguanas
  24 orc wizards
  5 hell rats (Lair:3)
  A hound zombie (D:5)
  A howler monkey zombie (D:9)
  12 gnolls
  5 adders
  6 shadow imps
  A white imp (D:6)
  An ufetubus (D:4)
  An adder skeleton (D:4)
  A worm (D:2)
  2 dart slugs
  56 orcs
  2 ball pythons
  2 bats
  2 endoplasms (D:3)
  6 giant cockroaches
  12 goblins
  6 hobgoblins
  6 jackals
  27 kobolds
  4 quokkas
  22 frilled lizards
  4 rats
671 creatures vanquished.

Vanquished Creatures (others)
  19 fungi
  29 plants
48 creatures vanquished.

Grand Total: 719 creatures vanquished

Notes
Turn   | Place    | Note
-------+----------+-------------------------------------------
     0 | D:1      | hilljack the Gargoyle Earth Elementalist began the quest
                  | for the Orb.
     0 | D:1      | Reached XP level 1. HP: 10/10 MP: 3/3
    52 | D:1      | Reached skill level 1 in Transmutations
    52 | D:1      | Reached XP level 2. HP: 14/15 MP: 0/5
   507 | D:1      | Reached XP level 3. HP: 19/19 MP: 3/6
   510 | D:1      | Learned a level 2 spell: Passwall
   514 | D:1      | Learned a level 3 spell: Stone Arrow
  1854 | D:2      | Found a faded altar of an unknown god.
  1947 | D:2      | Became a worshipper of Lugonu the Unformed
  1947 | D:2      | Reached * piety under Lugonu
  1947 | D:2      | Reached ** piety under Lugonu
  2193 | D:2      | Found a basalt altar of Yredelemnul.
  2520 | D:2      | Reached skill level 1 in Conjurations
  2520 | D:2      | Reached XP level 4. HP: 19/24 MP: 5/7
  3769 | D:4      | Identified a scroll of acquirement
  3769 | D:4      | Acquired the amulet "Ivoatani" {RegenMP rC+ rN+ Str+3 SInv}
  3883 | D:4      | Noticed a scorpion
  3894 | D:4      | Killed a scorpion
  3895 | D:4      | Reached skill level 5 in Earth Magic
  3895 | D:4      | Reached XP level 5. HP: 8/28 MP: 4/8
  4237 | D:4      | Reached skill level 1 in Armour
  4270 | D:4      | Reached XP level 6. HP: 16/32 MP: 3/10
  4979 | D:5      | Entered Level 5 of the Dungeon
  5011 | D:5      | Noticed a water moccasin
  5020 | D:5      | Killed a water moccasin
  5021 | D:5      | Reached XP level 7. HP: 36/36 MP: 8/11
  5744 | D:5      | Noticed Eustachio
  5767 | D:5      | Killed Eustachio
  5768 | D:5      | Reached XP level 8. HP: 38/41 MP: 10/13
  5788 | D:5      | Learned a level 4 spell: Petrify
  6104 | D:5      | Reached skill level 5 in Conjurations
  6350 | D:5      | Reached *** piety under Lugonu
  6572 | D:6      | Found a staircase to the Ecumenical Temple.
  6588 | Temple   | Entered the Ecumenical Temple
  6863 | D:6      | Found a white marble altar of Elyvilon.
  6959 | D:6      | Found a runed translucent gate.
  6959 | D:6      | Found a runed translucent gate.
  6962 | D:6      | Found a runed translucent gate.
  6964 | D:6      | Noticed Obsidius's ghost (novice DECj)
  7334 | D:6      | Found Duojal's Magic Scroll Boutique.
  7369 | D:6      | Bought a scroll of blinking for 112 gold pieces
  7369 | D:6      | Bought a scroll of fear for 52 gold pieces
  7369 | D:6      | Bought a scroll of immolation for 52 gold pieces
  7376 | D:6      | Bought a scroll of identify for 30 gold pieces
  7376 | D:6      | Bought a scroll of identify for 30 gold pieces
  7376 | D:6      | Bought a scroll of identify for 30 gold pieces
  7376 | D:6      | Bought a scroll of identify for 30 gold pieces
  7376 | D:6      | Bought a scroll of identify for 30 gold pieces
  8213 | D:7      | Reached XP level 9. HP: 45/45 MP: 3/15
  9552 | D:8      | Reached skill level 5 in Spellcasting
  9650 | D:8      | Reached **** piety under Lugonu
 10285 | D:9      | Noticed a troll
 10291 | D:9      | Killed a troll
 10292 | D:9      | Reached skill level 10 in Earth Magic
 10386 | D:9      | Noticed a cyclops
 10396 | D:9      | Killed a cyclops
 10399 | D:9      | Found a flagged portal.
 10603 | Bailey   | Entered a bailey
 10751 | Bailey   | Reached XP level 10. HP: 50/50 MP: 18/18
 10864 | Bailey   | Found a burning altar of Makhleb.
 10872 | Bailey   | Identified the +10 tower shield of Death Resistance {Int+4}
 10886 | Bailey   | Identified the +4 dagger of Bloodstone {vorpal, rF- rN+++
                  | SInv Stlth-}
 11297 | D:9      | Reached skill level 1 in Fighting
 11297 | D:9      | Reached skill level 1 in Shields
 11598 | D:9      | Reached skill level 1 in Short Blades
 11838 | D:10     | Entered Level 10 of the Dungeon
 12049 | D:10     | Reached skill level 2 in Shields
 12299 | D:10     | Reached skill level 3 in Shields
 12545 | D:10     | Reached ***** piety under Lugonu
 12695 | D:10     | Reached skill level 5 in Stealth
 12695 | D:10     | Reached skill level 4 in Shields
 12894 | D:10     | Reached XP level 11. HP: 57/61 MP: 20/20
 13050 | D:10     | Noticed Maggie
 13066 | D:10     | Killed Maggie
 13353 | D:11     | Found a staircase to the Lair.
 13563 | D:11     | Reached skill level 5 in Shields
 13595 | D:11     | Noticed a six-headed hydra
 13601 | D:11     | Killed a six-headed hydra
 13602 | D:11     | Reached skill level 5 in Fighting
 13764 | D:11     | You fall into a shaft and drop 1 floor!
 13813 | D:12     | Noticed a brown ugly thing
 13822 | D:12     | Killed a brown ugly thing
 13855 | D:11     | Noticed a cyclops
 13862 | D:11     | Killed a cyclops
 14132 | D:11     | Found a staircase to the Orcish Mines.
 14485 | D:11     | Reached skill level 6 in Shields
 14514 | D:11     | Reached skill level 5 in Short Blades
 14614 | D:11     | Found Moucuor's Weapon Shoppe.
 14735 | D:11     | Identified the +4 ring mail of Least Resistance {*Slow
                  | Dex+6 Slay+3}
 15039 | Lair:1   | Entered Level 1 of the Lair of Beasts
 15363 | Lair:1   | Reached XP level 12. HP: 71/71 MP: 21/21
 15427 | Lair:1   | Reached skill level 7 in Shields
 16012 | Lair:1   | You fall into a shaft and drop 1 floor!
 16681 | Lair:1   | Reached skill level 8 in Shields
 17074 | Lair:2   | Reached ****** piety under Lugonu
 17557 | Lair:2   | Noticed a five-headed hydra
 17568 | Lair:2   | Killed a five-headed hydra
 17647 | Lair:2   | Noticed a seven-headed hydra
 17653 | Lair:2   | Killed a seven-headed hydra
 17909 | Lair:2   | Found a staircase to the Swamp.
 18071 | Lair:3   | Noticed Gastronok
 18074 | Lair:3   | Reached skill level 10 in Stealth
 18081 | Lair:2   | Reached XP level 13. HP: 80/80 MP: 10/22
 18127 | Lair:3   | Found a gate leading to a gauntlet.
 18143 | Lair:3   | Reached skill level 9 in Shields
 18173 | Gauntlet | Entered a Gauntlet
 18173 | Gauntlet | Found a transporter.
 18173 | Gauntlet | Found a transporter.
 18188 | Gauntlet | Found a transporter.
 18193 | Gauntlet | Found a transporter.
 18208 | Gauntlet | Found a transporter.
 18224 | Gauntlet | Found a transporter.
 18248 | Gauntlet | Found a transporter.
 18336 | Gauntlet | Found a transporter.
 18354 | Gauntlet | Found a transporter.
 18376 | Gauntlet | Found a transporter.
 18393 | Gauntlet | Found a transporter.
 18415 | Gauntlet | Found a transporter.
 18490 | Gauntlet | Found a transporter.
 18490 | Gauntlet | Found a transporter.
 18503 | Gauntlet | Found a transporter.
 18504 | Gauntlet | Found a transporter.
 19091 | Gauntlet | Identified the +2 pair of boots of Kicos {Will+}
 19137 | Gauntlet | Noticed a minotaur
 19152 | Gauntlet | Killed a minotaur
 19330 | Gauntlet | Got the Grimoire of Confrontation
 19412 | Lair:3   | Killed Gastronok
 19564 | Lair:3   | Reached skill level 10 in Fighting
 19656 | Lair:3   | Reached skill level 10 in Shields
 20411 | Lair:3   | Found a runed translucent gate.
 20412 | Lair:3   | Found a runed translucent gate.
 20413 | Lair:3   | Found a runed translucent gate.
 20413 | Lair:3   | Noticed Feulaj's ghost (journeyman MiBe)
 20415 | Lair:3   | Found a viscous altar of Jiyva.
 20525 | Lair:4   | Found a hole to the Spider Nest.
 21192 | Lair:4   | Reached skill level 11 in Shields
 22434 | Lair:5   | Gained mutation: Your large and strong wings let you fly.
                  | [Gargoyle growth]
 22434 | Lair:5   | Reached XP level 14. HP: 88/88 MP: 21/23
 22496 | Lair:5   | Reached skill level 10 in Short Blades
 22717 | Lair:6   | Entered Level 6 of the Lair of Beasts
 22720 | Lair:6   | Reached skill level 12 in Shields
 22976 | Lair:6   | Found a staircase to the Slime Pits.
 23120 | Lair:6   | Identified the ring of Uryul {*Slow Fly rC+ Str+3 Dex+3}
 23654 | Lair:6   | Reached skill level 13 in Shields
 23936 | Lair:6   | Found a large runed translucent door.
 23937 | Lair:6   | Found a large runed translucent door.
 24129 | Lair:6   | Reached skill level 14 in Shields
 24826 | Orc:1    | Entered Level 1 of the Orcish Mines
 24841 | Orc:1    | Noticed an orc warlord
 24879 | D:11     | Killed an orc warlord
 25264 | Orc:1    | Found a runed translucent gate.
 25264 | Orc:1    | Found a runed translucent gate.
 25264 | Orc:1    | Found a runed translucent gate.
 25266 | Orc:1    | Found an opulent altar of Gozag.
 25269 | Orc:1    | Noticed Nausicaa's ghost (journeyman MiBe)
 25511 | Orc:1    | Noticed an orc warlord
 25858 | Orc:1    | Killed an orc warlord
 26350 | Orc:2    | Entered Level 2 of the Orcish Mines
 26350 | Orc:2    | Found Ibriogas's Antique Weapon Boutique.
 26367 | Orc:2    | Found a frozen archway.
 26376 | Orc:2    | Reached skill level 15 in Shields
 26402 | IceCv    | Entered an ice cave
 26403 | IceCv    | Found a transporter.
 26664 | IceCv    | Found the +7 pair of quick blades "Gyre" and "Gimble"
                  | {protect}
 26668 | IceCv    | Found a transporter.
 26937 | Orc:2    | Noticed Donald
 26948 | Orc:2    | Noticed an orc warlord
 26950 | Orc:2    | Noticed Josephine
 27085 | Orc:2    | Found a shimmering blue altar of Sif Muna.
 27280 | Orc:2    | Killed Josephine
 27281 | Orc:2    | Noticed Maurice
 27304 | Orc:2    | Killed Maurice
 27306 | Orc:2    | Reached XP level 15. HP: 45/92 MP: 21/24
 27619 | Orc:2    | Found a staircase to the Elven Halls.
 27977 | Orc:1    | Killed an orc warlord
 27978 | Orc:1    | Reached skill level 16 in Shields
 28340 | Orc:2    | Noticed Nergalle
 29319 | Orc:2    | Killed Nergalle
 29371 | Orc:2    | Found Hureih's General Store.
 29380 | Orc:2    | Found Efaalit's Antique Armour Shoppe.
 29417 | Orc:2    | Found Veicoma's Antique Weapon Shoppe.
 29593 | Orc:2    | Found Joolorixo's Jewellery Shoppe.
 29772 | Orc:2    | Bought a crystal quick blade for 520 gold pieces
 29772 | Orc:2    | Identified the +2 quick blade of the Feather {vorpal,
                  | *Noise rPois Int+2 Dex+4} (You bought it in a shop on level
                  | 2 of the Orcish Mines)
 29803 | Orc:2    | Bought a runed scarf for 264 gold pieces
 29833 | Orc:2    | Bought a runed scarf for 264 gold pieces
 29856 | Orc:2    | Bought a crude dagger for 147 gold pieces
 29856 | Orc:2    | Identified the +6 dagger "Qange" {antimagic, rElec Int+3
                  | Stlth+} (You bought it in a shop on level 2 of the Orcish
                  | Mines)
 30331 | D:12     | Reached skill level 1 in Invocations
 31159 | D:12     | Reached skill level 17 in Shields
 31660 | D:13     | Found a gate to the Vaults.
 32290 | D:13     | Reached skill level 5 in Invocations
 33754 | D:14     | Reached skill level 18 in Shields
 33938 | D:14     | Reached XP level 16. HP: 94/97 MP: 23/25
 34153 | D:14     | Noticed a tengu reaver
 34770 | D:14     | Killed from afar by a tengu reaver

Illustrated notes

Levels and vault maps discovered:
D:1:      amcnicky_arrival_blooded_trapdoor, layout_basic,
          minmay_misc_feat_square, minmay_curled_crystal
D:2:      layout_basic, hellmonk_ecumenical_altar_prayer_group, basic_altar
D:3:      layout_basic
D:4:      layout_basic
D:5:      cheibrodos_thug_alley, layout_basic, minmay_misc_feat_pillars,
          wad_rectangle_vault, uniq_eustachio
D:6:      layout_loops_corners, elyvilon_altar_5,
          minmay_temple_entry_glassed_door, serial_shops, shop_coins,
          gammafunk_ghost_necromancy, grunt_decor_cap
D:7:      layout_basic
D:8:      layout_rooms, hangedman_abyss_or_decor_passed
D:9:      layout_loops_ring, enter_bailey_4, kennysheep_generic_room_12
D:10:     lemuel_reptile_caves, layout_loops_cross, uniq_maggie
D:11:     layout_irregular_city, lair_entry_dummy,
          kennysheep_orc_monster_closet_entryway, kennysheep_windowed_goal
D:12:     layout_loops_corners
D:13:     layout_stronghold, erik_vaults_1, nzn_life_drinkers
D:14:     hourglass_vault, layout_irregular_city, uniq_louise
Temple:   nicolae_temple_the_god_donut
Lair:1:   layout_roguey, lemuel_fruit_tree, minmay_lair_oklob_chamber
Lair:2:   layout_regular_city, palyth_hydra_swamp_entry,
          gammafunk_lair_bear_cave
Lair:3:   layout_gridlike, gauntlet_entry_generic, gammafunk_ghost_ooze,
          beast_lair_carwin_3, uniq_gastronok
Lair:4:   layout_cave_shapes, spider_nest_entry_rubble,
          chequers_serial_rivers_large_a
Lair:5:   layout_cave_shapes, grunt_megastairs_1
Lair:6:   cheibrodos_lair_end_hotspot, layout_cave_pods, slime_dummy
Orc:1:    layout_diamond_mine, ebering_ghost_gozag
Orc:2:    grunt_orc_cross, layout_caves, basic_altar, serial_shops, shop,
          portal_ice_cave_entry_ice_beasts, nicolae_orc_bridge_out,
          kennysheep_orc_sif_temple, uniq_josephine, uniq_donald, uniq_maurice

Skill      XL: |  1  2  3  4  5  6  7  8  9 10 11 12 13 14 15 |
---------------+----------------------------------------------+-----
Transmutations | 1 2 |  2.6
Earth Magic    | 4 5 6 7 8 10 | 10.0
Dodging        | 2 |  2.0
Conjurations   | 1 2 3 4 6 9 |  9.8
Armour         | 1 |  1.6
Spellcasting   | 3 4 5 6 |  6.1
Fighting       | 4 6 8 10 | 10.1
Shields        | 4 6 8 11 15 18 | 18.7
Short Blades   | 3 5 7 9 10 | 10.0
Stealth        | 5 7 10 | 10.0
Invocations    | 5 |  5.7

Action                   |  1- 3 |  4- 6 |  7- 9 | 10-12 | 13-15 | 16-18 || total
-------------------------+-------+-------+-------+-------+-------+-------++-------
Melee: Scythe            |   107 |    75 |    11 |       |       |       ||   193
       Dagger            |       |       |    24 |   284 |  1145 |    50 ||  1503
       Flail             |       |       |    60 |     7 |       |       ||    67
       Staff             |       |       |       |       |     2 |       ||     2
 Cast: Sandblast         |    26 |    38 |    54 |   168 |   346 |       ||   632
       Stone Arrow       |       |       |   101 |   166 |   523 |    48 ||   838
       Passwall          |       |       |       |       |     5 |     1 ||     6
Evoke: Wand              |       |       |       |       |    19 |     2 ||    21
  Use: Scroll            |     3 |     4 |    12 |     6 |     5 |       ||    30
       Potion            |       |     1 |     1 |     1 |     2 |     1 ||     6
 Stab: Sleeping          |     3 |     2 |     1 |       |     9 |       ||    15
Armor: Leather armour    |    78 |    62 |   110 |   262 |   376 |    29 ||   917
Dodge: Dodged            |   124 |    95 |   163 |    96 |   215 |    17 ||   710
       Repelled          |       |       |       |       |     1 |     1 ||     2
Block: Tower shield      |       |       |       |   678 |  1886 |   119 ||  2683

Table legend: (Time is in decaauts)
 A = Elapsed time spent in this place.
 B = Non-inter-level travel time spent in this place.
 C = Inter-level travel time spent in this place.
 D = Time resting spent in this place.
 E = Time spent auto-exploring this place.
 F = Levels seen in this place.
 G = Mean time per level.
                   A        B        C        D        E       F      G
               +--------+--------+--------+--------+--------+-----+--------+
         Total |  34842 |  33475 |   1367 |   9794 |  16906 |  26 | 1340.1 |
       Dungeon |  19930 |  19293 |    637 |   5824 |  10343 |  14 | 1423.6 |
        Temple |    258 |    249 |      9 |      0 |    249 |   1 |  258.0 |
          Lair |   8254 |   7932 |    322 |   1527 |   4881 |   6 | 1375.7 |
  Orcish Mines |   4482 |   4085 |    397 |   1509 |   1416 |   2 | 2241.0 |
        Bailey |    301 |    301 |      0 |    125 |     17 |   1 |  301.0 |
      Ice Cave |    450 |    450 |      0 |    288 |      0 |   1 |  450.0 |
      Gauntlet |   1164 |   1164 |      0 |    520 |      0 |   1 | 1164.0 |
               +--------+--------+--------+--------+--------+-----+--------+

Top non-repeatable levels by time:
    D:11: 2356 daAuts
   Orc:1: 2289 daAuts
   Orc:2: 2192 daAuts
  Lair:6: 1926 daAuts
    D:13: 1838 daAuts
     D:9: 1551 daAuts
     D:5: 1549 daAuts
  Lair:2: 1533 daAuts
    D:12: 1481 daAuts
     D:7: 1473 daAuts
     D:2: 1409 daAuts
  Lair:4: 1397 daAuts
     D:1: 1348 daAuts
    D:10: 1342 daAuts
  Lair:1: 1314 daAuts
